 Dungeon Crawl Stone Soup version 0.29.1-12-g30fa7ad0bf (webtiles) character file.

Game seed: 12864548952193223338

4884 Gabide the Fighter (level 10, -9/85 HPs)
             Began as a Mummy Berserker on Dec 20, 2022.
             Was a Priest of Trog.
             Mangled by a fire elemental (10 damage)
             ... summoned by a deep elf pyromancer
             ... on level 8 of the Dungeon.
             The game lasted 00:21:59 (10709 turns).

Gabide the Fighter (Mummy Berserker)               Turns: 10709, Time: 00:22:00

Health: -9/85      AC:  8    Str: 24    XL:     10   Next: 26%
Magic:  0/10       EV: 14    Int:  7    God:    Trog [***...]
Gold:   339        SH:  0    Dex: 12    Spells: 9/9 levels left

rFire   . . .      SeeInvis .     - Unarmed
rCold   + + .      Faith    .   (no shield)
rNeg    + + +      Spirit   +   m - +1 robe {rF+}
rPois   ∞          Reflect  .   o - +1 hat
rElec   .          Harm     .   (no cloak)
rCorr   .          Rampage  .   i - +2 pair of gloves
Will    +++..                   e - +0 pair of boots
Stlth   +.........              h - amulet of guardian spirit
HPRegen 1.24/turn               g - ring of protection from cold
MPRegen 0.12/turn               (no ring)

@: about to teleport, strong-willed (expiring), regenerating (expiring)
A: cold resistance 1, negative energy resistance 3, torment resistance 2, heat
vulnerability 1, in touch with death 1, no potions
a: Renounce Religion, Trog's Hand


You were on level 8 of the Dungeon.
You worshipped Trog.
Trog was most pleased with you.
You visited 1 branch of the dungeon, and saw 8 of its levels.

You collected 339 gold pieces.

Inventory:

Armour
 c - a +1 scale mail
 e - a +0 pair of boots (worn)
 i - a +2 pair of gloves (worn)
 m - a +1 robe of fire resistance (worn)
 n - a +2 robe of willpower
 o - a +1 hat (worn)
Jewellery
 g - a ring of protection from cold (left hand)
 h - an amulet of guardian spirit (around neck)
 k - a ring of ice
Wands
 l - a wand of charming (16)
Scrolls
 a - a scroll of enchant weapon
 b - a scroll of fear
 d - 5 scrolls of teleportation
 f - 2 scrolls of blinking
 r - a scroll of vulnerability
 s - a scroll of fog {unknown}


   Skills:
 * Level 10.1 Fighting
 - Level 1.5 Armour
 + Level 5.8 Dodging
 * Level 8.5 Unarmed Combat


You had 9 spell levels left.
You didn't know any spells.
Your spell library was empty.

Dungeon Overview and Level Annotations

Branches:
Dungeon (8/15)             Temple (0/1) D:4
   Lair: D:8-11

Altars:
Qazlal

Shops:
D:5 [   D:7 (


Innate Abilities, Weirdness & Mutations

You are immune to poison.
Your flesh is cold resistant. (rC+)
You are immune to negative energy. (rN+++)
You are immune to unholy pain and torment.
You are vulnerable to heat. (rF-)
You are in touch with the powers of death.
You do not drink.


Message History

The steam dragon bites you but does no damage.
The steam dragon completely misses you.
You closely miss the steam dragon.
The steam dragon is almost dead.
You are engulfed in a cloud of scalding steam.
The steam dragon bites you. The steam dragon misses you.
You hit the steam dragon.
The steam dragon is almost dead.
You are engulfed in a cloud of scalding steam.
The steam dragon breathes steam at you. The ball of steam hits you.
Unknown command.
Your skin stops crawling.
You feel less strong-willed. The fire elemental hits you.
The fire elemental burns you!
* * * LOW HITPOINT WARNING * * *
You are too injured to fight recklessly!
Unknown command.
Your skin crawls.
You feel strong-willed. The fire elemental barely misses you.
You hit the fire elemental.
The fire elemental is lightly damaged.
The fire elemental hits you. The fire elemental burns you!
* * * LOW HITPOINT WARNING * * *
Press: ? - help, v - describe, . - travel
Here: a fire elemental (lightly damaged, summoned)
The floor.
Unknown command.
Unknown command.
Unknown command.
Unknown command.
As you read the scroll of teleportation, it crumbles to dust.
You feel strangely unstable.
You feel the effects of Trog's Hand fading.
The fire elemental hits you. The fire elemental burns you!
* * * LOW HITPOINT WARNING * * *
The fire elemental hits you.
* * * LOW HITPOINT WARNING * * *
The fire elemental burns you!
You die...

.##..#######.#.#.....#
..............#.#...##
...#.#.#.####..#.#..#
.....##.#.#.#.○E#°#.#
...........#####e#°###
.#.#.####...##.#D#°#.##
...#..##.####..##○##..#$##
####.........#.#E#§....?..
#...###T###.#.#@#.#######
##.#.#P...P#..#....#P...P#
...#.#C###.#....##.#.###.#
e###.#.#?#?#.#####.'.#!+.#
.....#.#+#.#...#.#.#.###.#
..##.#....P#.#.##..#P...P#
..##.#######(###.#.#######.#
..##...!..............)....#
..####.##.......'..).###.###


You could see a fire elemental (summoned).

Vanquished Creatures
  A two-headed ogre (D:7)
  Pikel (D:5)
  Maggie (D:7)
  A tengu conjurer (D:7)
  A troll (D:8)
  A vampire (D:8)
  Sigmund (D:5)
  A wyvern (D:8)
  A steam dragon (D:8)
  A water moccasin (D:5)
  2 orc warriors
  An ice beast (D:7)
  A sky beast (D:7)
  A black bear (D:4)
  A centaur (D:5)
  A phantom (D:4)
  3 kobold brigands
  3 scorpions
  8 wights
  2 howler monkeys (D:7)
  5 hounds
  7 orc priests
  A gnoll bouda (D:7)
  2 jellies
  4 iguanas
  Jessica (D:2)
  4 orc wizards
  Natasha (thrice) (D:2)
  7 adders
  A white imp (D:6)
  A worm (D:3)
  4 dart slugs
  31 orcs
  5 bats
  5 endoplasms
  3 giant cockroaches
  5 goblins
  6 hobgoblins
  4 jackals (D:1)
  7 kobolds
  3 ball pythons
  2 frilled lizards
  5 rats
149 creatures vanquished.

Vanquished Creatures (collateral kills)
  Edmund (D:5)
  An orc priest (D:5)
2 creatures vanquished.

Vanquished Creatures (others)
  A cyclops (D:8)
  4 plants (D:8)
5 creatures vanquished.

Grand Total: 156 creatures vanquished

Notes
Turn   | Place    | Note
-------+----------+-------------------------------------------
     0 | D:1      | Gabide the Mummy Berserker began the quest for the Orb.
     0 | D:1      | Reached XP level 1. HP: 18/18 MP: 1/1
   381 | D:1      | Reached XP level 2. HP: 21/24 MP: 2/2
   597 | D:1      | Found a faded altar of an unknown god.
   786 | D:1      | Gained mutation: You are in touch with the powers of death.
                  | [Mummy growth]
   786 | D:1      | Reached XP level 3. HP: 29/29 MP: 3/3
   883 | D:1      | Reached ** piety under Trog
  1179 | D:2      | Noticed Natasha
  1196 | D:2      | Killed Natasha
  1412 | D:2      | Noticed Natasha
  1417 | D:2      | Reached XP level 4. HP: 37/37 MP: 4/4
  1428 | D:2      | Killed Natasha
  1429 | D:2      | Reached skill level 4 in Fighting
  1547 | D:2      | Noticed Natasha
  1560 | D:2      | Killed Natasha
  1687 | D:2      | Noticed Jessica
  1701 | D:2      | Killed Jessica
  1702 | D:2      | Reached XP level 5. HP: 36/42 MP: 5/5
  2307 | D:3      | You fall into a shaft and drop 2 floors!
  2307 | D:5      | Entered Level 5 of the Dungeon
  2320 | D:5      | Noticed a centaur
  2323 | D:5      | Noticed a water moccasin
  2334 | D:5      | Killed a centaur
  2355 | D:5      | Killed a water moccasin
  2356 | D:5      | Reached skill level 5 in Fighting
  2356 | D:5      | Reached XP level 6. HP: 6/51 MP: 1/6
  2847 | D:5      | Reached XP level 7. HP: 15/56 MP: 1/7
  3460 | D:4      | Found a staircase to the Ecumenical Temple.
  4352 | D:4      | Reached skill level 6 in Fighting
  4352 | D:4      | Reached skill level 5 in Unarmed Combat
  4755 | D:5      | Noticed Sigmund
  4773 | D:5      | Killed Sigmund
  4774 | D:5      | Reached XP level 8. HP: 65/65 MP: 8/8
  4823 | D:5      | Noticed Pikel
  4824 | D:5      | Noticed Edmund
  4851 | D:5      | Killed Edmund
  4883 | D:5      | Killed Pikel
  4884 | D:5      | Reached skill level 7 in Fighting
  5264 | D:5      | Found Loqeliff's Armour Shoppe.
  5839 | D:6      | Found a stormy altar of Qazlal.
  6225 | D:6      | Reached skill level 8 in Fighting
  6225 | D:6      | Reached XP level 9. HP: 37/74 MP: 5/9
  6585 | D:6      | Reached *** piety under Trog
  7481 | D:7      | Found Pyraurif's Antique Weapon Shoppe.
  7772 | D:7      | Noticed a two-headed ogre
  7818 | D:7      | Killed a two-headed ogre
  7819 | D:7      | Reached skill level 9 in Fighting
  7819 | D:7      | Reached skill level 5 in Dodging
  8300 | D:7      | Noticed Maggie
  8630 | D:8      | Noticed a tengu conjurer
  9467 | D:7      | Killed Maggie
  9597 | D:7      | Killed a tengu conjurer
  9626 | D:8      | Reached XP level 10. HP: 43/84 MP: 5/10
  9999 | D:8      | Noticed a cyclops
  9999 | D:8      | Noticed a deep elf pyromancer
 10011 | D:8      | Killed a cyclops
 10339 | D:8      | Reached skill level 10 in Fighting
 10709 | D:8      | HP: 2/85 [fire elemental[a deep elf pyromancer] (11)]
 10709 | D:8      | Mangled by a fire elemental

Illustrated notes

Levels and vault maps discovered:
D:1:      lightli_arrival_statue_moat, layout_loops_ring, basic_ecumenical_altar
D:2:      layout_rooms, uniq_jessica, uniq_natasha
D:3:      layout_basic
D:4:      layout_rooms, minmay_temple_entry_slanted, kennysheep_generic_room_2
D:5:      layout_loops_ring, serial_shops, nicolae_shop_trees, uniq_pikel,
          uniq_edmund, uniq_sigmund
D:6:      layout_basic, mainiacjoe_overflow_brackets, kennysheep_boxes
D:7:      layout_loops_corners, serial_shops, nicolae_shop_waterfront,
          chequers_hall_statues_wall_a, chequers_serial_rivers_room_b,
          uniq_maggie
D:8:      layout_basic, minmay_shattered_shrine

Skill      XL: |  1  2  3  4  5  6  7  8  9 10 |
---------------+-------------------------------+-----
Unarmed Combat | 3 4 5 6 8 |  8.5
Dodging        | 2 3 4 5 |  5.8
Fighting       | 4 5 6 8 9 10 | 10.1
Armour         | |  1.5

Action                   |  1- 3 |  4- 6 |  7- 9 | 10-12 || total
-------------------------+-------+-------+-------+-------++-------
Melee: Unarmed           |   107 |   168 |   418 |   111 ||   804
       Punch             |     2 |     7 |    21 |     8 ||    38
Throw: Throwing net      |       |       |     1 |       ||     1
Invok: Trog's Hand       |     1 |     3 |     8 |     4 ||    16
Evoke: Wand              |       |       |     2 |       ||     2
  Use: Scroll            |       |     8 |    14 |     2 ||    24
 Stab: Sleeping          |       |       |     1 |       ||     1
Armor: Scale mail        |    39 |    97 |    68 |       ||   204
       Robe              |       |       |    83 |    30 ||   113
Dodge: Dodged            |    59 |    75 |   268 |    87 ||   489
